 Dungeon Crawl Stone Soup version 0.23-a0-29-g1be82e5 (console) character file.

21 tminei the Vexing (level 2, 11/23 HPs)
             Began as a Centaur Arcane Marksman on Aug 1, 2018.
             Quit the game on level 1 of the Dungeon on Aug 5, 2018.
             The game lasted 00:03:53 (158 turns).

tminei the Vexing (Centaur Arcane Marksman)          Turns: 158, Time: 00:03:54

Health: 11/23      AC:  4    Str: 12    XL:     2   Next: 65%
Magic:  0/3        EV: 10    Int: 12    God:
Gold:   0          SH:  0    Dex:  9    Spells: 2/3 levels left

rFire    . . .     SeeInvis .   a - +0 hand crossbow
rCold    . . .     Gourm    .   (no shield)
rNeg     . . .     Faith    .   e - +0 robe
rPois    .         Spirit   .   (no helmet)
rElec    .         Reflect  .   (no cloak)
rCorr    .         Harm     .   (no gloves)
MR       .....                  (no barding)
Stlth    +.........             (no amulet)
HPRegen  0.07/turn              (no ring)
MPRegen  0.08/turn              (no ring)

@: very slightly contaminated, very quick
A: large, hooves 3, deformed body, speed 2, tough skin 3
a: no special abilities


You were on level 1 of the Dungeon.
You were not hungry.

You visited 1 branch of the dungeon, and saw 1 of its levels.

Inventory:

Hand Weapons
 a - a +0 hand crossbow (weapon)
 b - a +0 dagger
Armour
 e - a +0 robe (worn)
Potions
 g - a potion of haste
Comestibles
 c - 4 chunks of flesh
 f - a ration


   Skills:
 + Level 1.0 Fighting
 + Level 2.7 Crossbows
 + Level 1.4 Dodging
 + Level 1.0 Spellcasting
 + Level 3.2 Hexes


You had 2 spell levels left.
You knew the following spells:

 Your Spells              Type           Power        Failure   Level  Hunger
a - Corona                Hex            #......      8%          1    ##.....

Your spell library contained the following spells:

 Spells                   Type           Power        Failure   Level  Hunger
 Cause Fear               Hex            #.........   61%         4    #####..
 Slow                     Hex            #.......     12%         2    ###....
 Portal Projectile        Hex/Tloc       #.....       43%         3    ####...
 Leda's Liquefaction      Hex/Erth       #.........   83%         4    #####..
 Inner Flame              Hex/Fire       #.......     43%         3    ####...


Dungeon Overview and Level Annotations

Branches:
Dungeon (1/15)

Altars:


Innate Abilities, Weirdness & Mutations

You have hooves in place of feet.
Armour fits poorly on your strangely shaped body.
You cover ground very quickly.
You have extremely tough skin. (AC +3)


Message History

Really attack while wielding your +0 hand crossbow? [Y]es or [N]o only, please.
Really attack while wielding your +0 hand crossbow? [Y]es or [N]o only, please.
Really attack while wielding your +0 hand crossbow? [Y]es or [N]o only, please.
Really attack while wielding your +0 hand crossbow? [Y]es or [N]o only, please.
Really attack while wielding your +0 hand crossbow?
You closely miss the jackal.
The jackal bites you but does no damage. x2
A kobold comes into view. It is wielding a whip.
The jackal bites you but does no damage.
You see here 12 gold pieces.
Things that are here:
2 bolts; a jackal corpse The jackal closely misses you.
Welcome back, tminei the Centaur Arcane Marksman.
Press ? for a list of commands and other information.
Are you sure you want to abandon this character and quit the game? (Confirm with "yes".) ЇЇЇ.. .... .. .... . ..ЇЇЇ Ї. ....Ї ЇЇЇЇЇЇЇЇЇ

Ї. Ї.Ї.Ї ЇЇЇ.......Ї
Ї..Ї.Ї.Ї Ї....Ї'Ї..Ї
Ї..Ї.Ї.ЇЇЇ.ЇЇ.Ї<Ї .ЇЇЇ.
ЇЇЇЇ..........ЇЇ.Ї'Ї......
..........ЇЇЇЇЇ...........
Ї.ЇЇЇ..........Ї.ЇЇЇЇЇЇЇЇЇ
Ї.....ЇЇЇЇЇ..Ї Ї...>.Ї
Ї..Ї Ї.Ї.Ї.Ї Ї..Ї ...Ї.Ї.Ї
Ї..Ї ЇЇЇЇЇ.Ї.Ї Ї@.ЇЇЇ
Ї.Ї.Ї Їh...Ї Ї.Ї.Ї Ї.ЇЇ.Ї
Ї.Ї Ї.ЇЇ.Ї ЇKЇЇ.ЇЇЇЇЇЇЇЇ
Ї.......(.(..


ЇЇЇЇK(ЇЇЇЇЇЇЇ Ї$(Ї ЇK.Ї Ї.(.. Ї..ЇЇЇ Ї..Ї Ї.(Ї Ї..Ї Ї... You could see a jackal
and a kobold.

Vanquished Creatures
  An ooze (D:1)
  2 dart slugs (D:1)
  2 goblins (D:1)
  A hobgoblin (D:1)
  5 jackals (D:1)
  A rat (D:1)
12 creatures vanquished.

Notes
Turn   | Place    | Note
-------+----------+-------------------------------------------
     0 | D:1      | tminei the Centaur Arcane Marksman began the quest for the Orb.
     0 | D:1      | Reached XP level 1. HP: 16/16 MP: 2/2
    12 | D:1      | Reached skill level 3 in Hexes
    14 | D:1      | Reached XP level 2. HP: 15/23 MP: 3/3
    51 | D:1      | Upgraded the game from 0.23-a0-8-gb809bb7 to 0.23-a0-29-g1be82e5
   158 | D:1      | Quit the game

Vault maps used:
D:1:      dpeg_arrival_tiny_d, hangedman_abyss_or_decor_stabs

Skill      XL: |  1 |
---------------+----+-----
Hexes          | 3 |  3.2
Fighting       | |  1.0
Crossbows      | |  2.7
Dodging        | |  1.4
Spellcasting   | |  1.0

Action                   || total
-------------------------++-------
Melee: Hand crossbow     ||     1
 Fire: Hand crossbow     ||    35
 Cast: Corona            ||     5
  Use: Scroll            ||     1
Armor: Robe              ||    13
Dodge: Dodged            ||    29

Table legend:
 A = Spawn XP
 B = Non-spawn XP
 C = Spawn XP percentage of total XP
 D = Spawn monster count
 E = Non-spawn monster count
 F = Spawn count percentage of total count
 G = Total turns spent on level
                    A         B        C        D         E        F      G
               +---------+---------+-------+---------+---------+-------+---------
         Total |       0 |      31 |   0.0 |       0 |      12 |   0.0 |   158
               +---------+---------+-------+---------+---------+-------+---------
           D:1 |       0 |      31 |   0.0 |       0 |      12 |   0.0 |   158
               +---------+---------+-------+---------+---------+-------+---------
